 Dungeon Crawl Stone Soup version 0.29-a0-284-gf9362112df (webtiles) character file.

Game seed: 8950368932702921722

195 sammy202020 the Skirmisher (level 5, -5/44 HPs)
             Began as a Palentonga Fighter on Mar 23, 2022.
             Slain by an ice beast (12 damage)
             ... on level 3 of the Dungeon.
             The game lasted 00:04:27 (2704 turns).

sammy202020 the Skirmisher (Palentonga Fighter)     Turns: 2704, Time: 00:04:29

Health: -5/44      AC: 12    Str: 19    XL:     5   Next: 45%
Magic:  5/5        EV:  5    Int: 10    God:
Gold:   182        SH:  4    Dex: 10    Spells: 4/4 levels left

rFire   . . .      SeeInvis +   a - +0 war axe
rCold   . . .      Faith    .   c - +0 buckler
rNeg    . . .      Spirit   .   n - +0 chain mail
rPois   .          Reflect  .   (no helmet)
rElec   .          Harm     .   (no cloak)
rCorr   .          Rampage  .   (no gloves)
Will    .....                   (no barding)
Stlth   ..........              (no amulet)
HPRegen 0.14/turn               l - +4 ring of protection
MPRegen 0.09/turn               (no ring)

@: no status effects
A: large, rugged brown scales 3, see invisible, deformed body, roll 1, armoured
tail
a: Rolling Charge


You were on level 3 of the Dungeon.
You visited 1 branch of the dungeon, and saw 3 of its levels.

You collected 182 gold pieces.

Inventory:

Hand Weapons
 a - a +0 war axe (weapon)
 s - a +0 mace
 u - a +0 arbalest
Armour
 b - a +0 scale mail
 c - a +0 buckler (worn)
 n - a +0 chain mail (worn)
Jewellery
 l - a +4 ring of protection (left hand)
 q - a ring of poison resistance
Wands
 w - a wand of mindburst (11)
Scrolls
 d - 3 scrolls of silence {unknown}
 e - 2 scrolls of enchant weapon {unknown}
 f - a scroll of fog {unknown}
 g - 6 scrolls of amnesia {unknown}
 h - 3 scrolls of teleportation {unknown}
 i - a scroll of fear {unknown}
 k - 3 scrolls of identify {unknown}
 m - a scroll of brand weapon {unknown}
 o - a scroll of blinking {unknown}
 v - a scroll of noise {unknown}
Potions
 j - 4 potions of mutation {unknown}
 p - a potion of degeneration {unknown}
 r - 2 potions of haste {unknown}
 t - a potion of attraction {unknown}


   Skills:
 * Level 4.2 Fighting
 * Level 3.4 Axes
 * Level 3.3 Armour
 + Level 2.9 Shields


You had 4 spell levels left.
You didn't know any spells.
Your spell library contained the following spells:

 Spells                   Type           Power      Damage    Failure   Level
 Foxfire                  Conj/Fire      0%         2x1d4     99%         1
 Sandblast                Erth           0%         2d4       99%         1
 Passwall                 Tmut/Erth      0%         N/A       100%        2
 Conjure Flame            Conj/Fire      0%         6-21      100%        3
 Inner Flame              Hex/Fire       0%         N/A       100%        3
 Stone Arrow              Conj/Erth      0%         3d7       100%        3
 Flame Wave               Conj/Fire      0%         2d4       100%        4


Dungeon Overview and Level Annotations

Branches:
Dungeon (3/15)

Altars:


Innate Abilities, Weirdness & Mutations

You are completely covered in rugged brown scales. (AC +3, +7% HP)
You have supernaturally acute eyesight. (SInv)
Armour fits poorly on your strangely shaped body.
You can roll at nearby foes to attack.
You have a long armoured tail.


Message History

You hit the ice beast.
The ice beast is lightly wounded.
The ice beast hits you but does no damage.
You hit the ice beast but do no damage.
The ice beast is lightly wounded.
The ice beast hits you. The ice beast freezes you!
The ice beast hits you but does no damage.
You are too injured to fight recklessly!
You are too injured to fight recklessly!
Okay, then.
You closely miss the ice beast.
The ice beast is lightly wounded.
The ice beast hits you but does no damage.
You slash the ice beast!
The ice beast is moderately wounded.
The ice beast hits you but does no damage.
You hit the ice beast but do no damage.
The ice beast is moderately wounded.
The ice beast hits you. The ice beast freezes you!
* * * LOW HITPOINT WARNING * * *
The ice beast hits you but does no damage.
You barely miss the ice beast. You tail-slap the ice beast.
The ice beast is heavily wounded.
The ice beast hits you but does no damage.
You hit the ice beast.
The ice beast is severely wounded.
The ice beast hits you but does no damage. x2
You hit the ice beast.
The ice beast is almost dead.
The ice beast hits you but does no damage.
You hit the ice beast.
The ice beast is almost dead.
The ice beast barely misses you.
You hit the ice beast.
You tail-slap the ice beast, but do no damage.
The ice beast is almost dead.
The ice beast hits you.
* * * LOW HITPOINT WARNING * * *
The ice beast freezes you!
You die...

#.#
######.####.#
#.###### ##.##
#.# #......#
##...###.#
######.#
##...†.##.#
#.#
#.......#.####
#.#
#.............
#.#######
#.......######
#.......#
##.....##
#######@#
##...## #Y#
##### #.# #.#
#.# #.# #.#
#.#


You could see an ice beast.

Vanquished Creatures
  Natasha (thrice) (D:2)
  2 orc wizards (D:3)
  2 worms
  2 dart slugs
  8 orcs (D:3)
  10 endoplasms
  2 giant cockroaches (D:1)
  2 goblins
  2 hobgoblins (D:1)
  2 jackals (D:1)
  6 kobolds
  2 ball pythons
  6 bats
  3 frilled lizards
52 creatures vanquished.

Notes
Turn   | Place    | Note
-------+----------+-------------------------------------------
     0 | D:1      | sammy202020 the Palentonga Fighter began the quest for the
                  | Orb.
     0 | D:1      | Reached XP level 1. HP: 19/19 MP: 1/1
   301 | D:1      | Reached XP level 2. HP: 25/25 MP: 2/2
   995 | D:1      | Reached XP level 3. HP: 31/31 MP: 3/3
  1187 | D:2      | Noticed Natasha
  1196 | D:2      | Killed Natasha
  1302 | D:2      | Noticed Natasha
  1311 | D:2      | Killed Natasha
  1312 | D:2      | Reached XP level 4. HP: 4/39 MP: 4/4
  1341 | D:2      | Noticed Natasha
  1349 | D:2      | Killed Natasha
  1587 | D:2      | Found a faded altar of an unknown god.
  2141 | D:3      | Reached skill level 4 in Fighting
  2141 | D:3      | Reached XP level 5. HP: 44/44 MP: 5/5
  2688 | D:3      | Noticed an ice beast
  2704 | D:3      | Slain by an ice beast

Illustrated notes

Levels and vault maps discovered:
D:1:      dpeg_arrival_brainrot, layout_basic
D:2:      layout_basic, nicolae_ecumenical_lake_church, uniq_natasha
D:3:      layout_loops_ring

Skill      XL: |  1  2  3  4 |
---------------+-------------+-----
Axes           | 3 |  3.4
Armour         | 3 |  3.3
Fighting       | 4 |  4.2
Shields        | |  2.9

Action                   |  1- 3 |  4- 6 || total
-------------------------+-------+-------++-------
Melee: War axe           |    75 |    66 ||   141
       Tailslap          |     9 |     8 ||    17
 Abil: Rolling Charge    |     5 |     6 ||    11
  Use: Potion            |     1 |     1 ||     2
Armor: Scale mail        |    42 |     1 ||    43
       Chain mail        |       |    41 ||    41
Dodge: Dodged            |    19 |    21 ||    40
Block: Buckler           |    10 |     6 ||    16

Table legend: (Time is in decaauts)
 A = Elapsed time spent in this place.
 B = Non-inter-level travel time spent in this place.
 C = Inter-level travel time spent in this place.
 D = Time resting spent in this place.
 E = Time spent auto-exploring this place.
 F = Levels seen in this place.
 G = Mean time per level.
                   A        B        C        D        E       F      G
               +--------+--------+--------+--------+--------+-----+--------+
         Total |   2758 |   2705 |     53 |     29 |   2266 |   3 |  919.3 |
       Dungeon |   2758 |   2705 |     53 |     29 |   2266 |   3 |  919.3 |
               +--------+--------+--------+--------+--------+-----+--------+

Top non-repeatable levels by time:
     D:1: 1088 daAuts
     D:2: 1045 daAuts
     D:3: 624 daAuts
